 Dungeon Crawl Stone Soup version 0.30-a0-341-g682706514a (webtiles) character file.

Game seed: 17403880138054260549

323 koil the Ruffian (level 6, -1/51 HPs)
             Began as a Draconian Transmuter on Nov 4, 2022.
             Killed by divine providence
             ... invoked by an orc priest
              (11 damage)
             ... on level 4 of the Dungeon.
             The game lasted 00:14:40 (4345 turns).

koil the Ruffian (Draconian Transmuter)             Turns: 4345, Time: 00:14:42

Health: -1/51      AC:  7    Str: 15    XL:     6   Next: 23%
Magic:  8/10       EV: 12    Int: 13    God:
Gold:   211        SH:  0    Dex: 11    Spells: 5/11 levels left

rFire   . . .      SeeInvis .      - Unarmed
rCold   . . .      Faith    .    (no shield)
rNeg    . . .      Spirit   .    (body armour unavailable)
rPois   .          Reflect  .    h - +1 hat
rElec   .          Harm     .    (no cloak)
rCorr   .          Rampage  .    (no gloves)
Will    .....                    (no boots)
Stlth   +.........               (no amulet)
HPRegen 0.28/turn                (no ring)
MPRegen 0.12/turn                (no ring)

@: wereblooded (expiring)
A: AC +6, unfitting armour, cold-blooded
a: no special abilities


You were on level 4 of the Dungeon.
You visited 1 branch of the dungeon, and saw 4 of its levels.
You also visited: Sewer.

You collected 211 gold pieces.

Inventory:

Missiles
 m - 9 poisoned darts
Armour
 h - a +1 hat (worn)
 s - a +2 pair of gloves of infusion
Magical Staves
 k - a staff of earth
Wands
 o - a wand of roots (7)
Scrolls
 d - 5 scrolls of identify {unknown}
 e - 2 scrolls of enchant armour {unknown}
 f - 2 scrolls of amnesia {unknown}
 i - a scroll of brand weapon {unknown}
 l - a scroll of blinking {unknown}
 p - a scroll of vulnerability {unknown}
 q - a scroll of butterflies {unknown}
 r - a scroll of magic mapping {unknown}
Potions
 a - 2 potions of lignification
 b - a potion of invisibility
 c - a potion of curing
 g - 5 potions of mutation
 j - a potion of haste {unknown}
 n - a potion of brilliance {unknown}
 t - a potion of flight


   Skills:
 + Level 3.2 Fighting
 + Level 3.1 Dodging
 + Level 4.0 Unarmed Combat
 + Level 3.1 Spellcasting
 + Level 3.4 Transmutations
 + Level 0.3 Poison Magic


You had 5 spell levels left.
You knew the following spells:

 Your Spells              Type           Power      Damage    Failure   Level
a - Beastly Appendage     Tmut           20%        N/A       5%          1
b - Wereblood             Tmut           10%        N/A       9%          2
c - Spider Form           Tmut/Pois      6%         N/A       32%         3

Your spell library contained the following spells:

 Spells                   Type           Power      Damage    Failure   Level
 Ice Form                 Ice/Tmut       6%         N/A       75%         4


Dungeon Overview and Level Annotations

Branches:
Dungeon (4/15)              Sewer (visited)
 Temple: D:4-7

Altars:
Elyvilon


Innate Abilities, Weirdness & Mutations

Your plain brown scales are hard. (AC +6)
You cannot fit into any form of body armour.
You are cold-blooded and may be slowed by cold attacks.


Message History

The orc attacks as you move away! The orc closely misses you.
Your magical contamination has completely faded away.
You hit the orc but do no damage.
The orc is lightly wounded.
The orc hits you with a +0 hand axe.
* * * LOW HITPOINT WARNING * * *
You barely miss the orc. You tail-slap the orc.
The orc is heavily wounded.
The orc barely misses you.
You closely miss the orc. You claw the orc.
The orc is heavily wounded.
The orc hits you with a +0 hand axe.
* * * LOW HITPOINT WARNING * * *
You hit the orc.
You feel a bit better.
You kill the orc!
An orc wizard appears from thin air!
Reactivating autopickup.
The orc wizard gestures at you while chanting.
The puff of flame hits you!
* * * LOW HITPOINT WARNING * * *
You closely miss the orc. Your kick misses the orc.
Your tail-slap misses the orc.
You hit the orc wizard. Your kick misses the orc wizard.
The orc wizard is lightly wounded.
You punch the orc wizard! Your headbutt misses the orc wizard.
You tail-slap the orc wizard.
You feel a bit better.
You kill the orc wizard!
Your Unarmed Combat skill increases to level 4!
You barely miss the orc priest.
Your tail-slap misses the orc priest.
You punch the orc priest.
The orc priest is lightly wounded.
Your horns disappear.
Your talons disappear.
Your +1 hat unmelds from your body.
The orc priest closely misses you.
You hit the orc priest but do no damage.
You tail-slap the orc priest.
The orc priest is moderately wounded.
Your primal bloodlust is almost over.
The orc priest calls down the wrath of Beogh upon you.
Beogh smites you!
You die...

#....♣♣♣♣♣♣♣....#
#...............#.
#####.......##..........
.............##......#...
#####...o....####....# #>
#####..o.....# .)...#
#............# ###.##
#......#######.# ...
#.....oo@....... .###
#......#######.# #......#
#......# ########


You could see an orc priest and an orc.

Vanquished Creatures
  Jessica (D:2)
  An orc wizard (D:4)
  3 gnolls (D:3)
  5 adders
  7 river rats (Sewer)
  3 worms
  A dart slug (D:1)
  10 orcs
  14 ball pythons
  2 endoplasms (D:2)
  6 giant cockroaches
  7 goblins
  6 hobgoblins
  15 jackals
  4 kobolds
  6 quokkas
  12 bats
  5 frilled lizards
  7 rats
115 creatures vanquished.

Notes
Turn   | Place    | Note
-------+----------+-------------------------------------------
     0 | D:1      | koil the Draconian Transmuter began the quest for the Orb.
     0 | D:1      | Reached XP level 1. HP: 16/16 MP: 3/3
   255 | D:1      | Reached XP level 2. HP: 8/23 MP: 3/5
  1104 | D:1      | Found a faded altar of an unknown god.
  1414 | D:2      | Reached XP level 3. HP: 29/29 MP: 6/6
  1524 | D:2      | Noticed Jessica
  1537 | D:2      | Killed Jessica
  1761 | D:2      | Reached XP level 4. HP: 36/36 MP: 7/7
  2545 | D:3      | Found a glowing drain.
  2556 | D:3      | Reached XP level 5. HP: 42/42 MP: 7/9
  2566 | Sewer    | Entered a sewer
  3677 | D:3      | Reached XP level 6. HP: 43/51 MP: 10/10
  3684 | D:3      | Learned a level 2 spell: Wereblood
  3688 | D:3      | Learned a level 3 spell: Spider Form
  4281 | D:4      | Found a white marble altar of Elyvilon.
  4344 | D:4      | Reached skill level 4 in Unarmed Combat
  4345 | D:4      | Killed from afar by an orc priest

Illustrated notes

Levels and vault maps discovered:
D:1:      roderic_crossed_star, layout_loops_cross,
          hellmonk_ecumenical_altar_inner_sanctum,
          ebering_dispersal_statue_hall, lemuel_flame_loot_1
D:2:      minmay_wonky_spiral, layout_loops_ring, uniq_jessica
D:3:      layout_basic, gup_sewer_entry_pipe, minmay_goblin_outpost
D:4:      layout_basic, mainiacjoe_overflow_cross_hatched,
          minmay_temple_entry_large_hall, goddamned_bats, uniq_eustachio

Skill      XL: |  1  2  3  4  5  6 |
---------------+-------------------+-----
Dodging        | 2 3 |  3.1
Fighting       | 2 3 |  3.2
Transmutations | 3 |  3.4
Spellcasting   | 3 |  3.1
Unarmed Combat | 4 |  4.0
Poison Magic   | |  0.3

Action                   |  1- 3 |  4- 6 || total
-------------------------+-------+-------++-------
Melee: Unarmed           |    95 |   266 ||   361
       Tailslap          |    10 |    31 ||    41
       Headbutt          |     4 |    24 ||    28
       Kick              |     3 |    37 ||    40
       Punch             |     2 |     2 ||     4
 Cast: Beastly Appendage |     7 |    17 ||    24
       Wereblood         |       |     1 ||     1
  Use: Potion            |       |     5 ||     5
 Stab: Sleeping          |     2 |       ||     2
Armor: Skin              |    34 |   123 ||   157
Dodge: Dodged            |    60 |   237 ||   297

Table legend: (Time is in decaauts)
 A = Elapsed time spent in this place.
 B = Non-inter-level travel time spent in this place.
 C = Inter-level travel time spent in this place.
 D = Time resting spent in this place.
 E = Time spent auto-exploring this place.
 F = Levels seen in this place.
 G = Mean time per level.
                   A        B        C        D        E       F      G
               +--------+--------+--------+--------+--------+-----+--------+
         Total |   4506 |   4387 |    119 |    557 |   2394 |   5 |  901.2 |
       Dungeon |   3267 |   3148 |    119 |    332 |   1887 |   4 |  816.8 |
         Sewer |   1238 |   1238 |      0 |    225 |    507 |   1 | 1238.0 |
               +--------+--------+--------+--------+--------+-----+--------+

Top non-repeatable levels by time:
     D:1: 1315 daAuts
   Sewer: 1238 daAuts
     D:3: 1085 daAuts
     D:2: 784 daAuts
     D:4: 82 daAuts
